 Dungeon Crawl Stone Soup version 0.28-a0-268-g3f656e82c2 (webtiles) character file.

Game seed: 1078852564201525836

1460 Smaepdii the Cleaver (level 8, -11/69 HPs)
             Began as a Deep Dwarf Hunter on Aug 29, 2021.
             Was a Follower of Makhleb.
             Mangled by a shadow (23 damage)
             ... on level 6 of the Dungeon.
             The game lasted 00:34:03 (5302 turns).

Smaepdii the Cleaver (Deep Dwarf Hunter)            Turns: 5302, Time: 00:34:04

Health: -11/69     AC: 12    Str: 18    XL:     8   Next: 48%
Magic:  5/5        EV:  7    Int: 12    God:    Makhleb [*.....]
Gold:   232        SH:  5    Dex: 13    Spells: 7/7 levels left

rFire   . . .      SeeInvis .   b - +0 broad axe (drain)
rCold   + . .      Faith    .   m - +0 buckler
rNeg    . . .      Spirit   .   o - +0 storm dragon scales
rPois   .          Reflect  .   (no helmet)
rElec   +          Harm     .   (no cloak)
rCorr   .          Rampage  .   h - +1 pair of gloves
Will    +....                   (no boots)
Stlth   ..........              (no amulet)
HPRegen 0.00/turn               n - ring of protection from cold
MPRegen 0.09/turn               (no ring)

@: no status effects
A: damage resistance, heal wounds, sense surroundings 1, no regeneration
a: Heal Wounds, Renounce Religion


You were on level 6 of the Dungeon.
You worshipped Makhleb.
Makhleb was aware of your devotion.
You visited 2 branches of the dungeon, and saw 7 of its levels.

You collected 232 gold pieces.

Inventory:

Hand Weapons
 a - a +1 hand crossbow
 b - a +0 broad axe of draining (weapon)
 x - a +1 hand axe of flaming
Missiles
 c - a throwing net
 d - 53 bolts
 l - 19 poisoned darts (quivered)
Armour
 h - a +1 pair of gloves (worn)
 m - a +0 buckler (worn)
 o - +0 storm dragon scales (worn)
Jewellery
 n - a ring of protection from cold (left hand)
Wands
 u - a wand of paralysis (7)
Potions
 e - a potion of degeneration {unknown}
 f - a potion of mutation {unknown}
 g - 2 potions of curing
 i - a potion of cancellation {unknown}
 j - a potion of haste {unknown}
 k - a potion of ambrosia {unknown}
 q - a potion of attraction {unknown}
 r - a potion of invisibility {unknown}
 w - a potion of magic {unknown}
 z - a potion of lignification {unknown}


   Skills:
 - Level 3.3 Fighting
 * Level 10.0 Axes
 - Level 4.3 Crossbows
 - Level 2.1 Dodging
 - Level 1.2 Stealth
 - Level 4.0 Shields


You had 7 spell levels left.
You didn't know any spells.
Your spell library contained the following spells:

 Spells                   Type           Power      Damage    Failure   Level
 Beastly Appendage        Tmut           0%         N/A       99%         1
 Wereblood                Tmut           0%         N/A       100%        2
 Spider Form              Tmut/Pois      0%         N/A       100%        3


Dungeon Overview and Level Annotations

Branches:
Dungeon (6/15)             Temple (1/1) D:4

Altars:
Ashenzari
Cheibriados
Dithmenos
Elyvilon
Fedhas
Gozag
Hepliaklqana
Kikubaaqudgha
Makhleb
Okawaru
Qazlal
Sif Muna
Uskayaw
Vehumet
Wu Jian
Xom
Yredelemnul
The Shining One

Annotations:
D:2 1 runed translucent door, Crazy Yiuf


Innate Abilities, Weirdness & Mutations

You are resistant to damage.
You can heal yourself by infusing magical energy.
You passively map a small area around you.
You do not regenerate.


Message History

Deactivating autopickup; reactivate with Ctrl-A.
You barely miss something.
The shadow strikes at you from the darkness!
Reactivating autopickup.
You hit the shadow but do no damage.
The shadow is moderately damaged.
The shadow barely misses you.
You barely miss the shadow.
The shadow is moderately damaged.
The shadow hits you.
You hit the shadow.
The shadow is heavily damaged.
The shadow hits you!
You slash the shadow!
The shadow is almost destroyed.
You block the shadow's attack.
You hit the shadow but do no damage.
The shadow is almost destroyed.
The shadow slips into darkness.
The shadow flickers and vanishes!
Deactivating autopickup; reactivate with Ctrl-A.
The shadow strikes at you from the darkness!
Reactivating autopickup.
You completely miss the shadow.
The shadow is almost destroyed.
The shadow slips into darkness.
The shadow flickers and vanishes!
Deactivating autopickup; reactivate with Ctrl-A.
You miss something.
The shadow strikes at you from the darkness!
* * * LOW HITPOINT WARNING * * *
Reactivating autopickup.
You hit the shadow but do no damage.
The shadow is almost destroyed.
The shadow slips into darkness.
The shadow flickers and vanishes!
Deactivating autopickup; reactivate with Ctrl-A.
You fail to use your ability.
The shadow strikes at you from the darkness!
You die...

###..#.#...#.#
#(.......#...W#*
#.(..#.#..<))# #........#
(#..
#.#..#.#)#######.)♣♣♣♣..#,
. #* ###.#.....)......o[.♣
..'...(
...........#.#(#.)..♣
o.'....
###..........#>###..♣ *
..#.... +.....###..#.#
#..... ..#....
*,#.....###..#.###....?...#
...
#...<.'....#o{@##########*
#., #.....#.#.###### , , ,
#.....#...# * * ####+######
*,* , ** *, * * *, * ,, ,
,, ** *


You could see an orc warrior.

Vanquished Creatures
  Grinder (D:4)
  Prince Ribbit (D:5)
  An ice beast (D:5)
  An ogre (D:4)
  Blork the orc (D:4)
  A scorpion (D:5)
  2 bullfrogs
  A water moccasin skeleton (D:5)
  A howler monkey (D:5)
  A hound (D:5)
  2 gnoll shamans
  2 orc priests
  A bullfrog skeleton (D:5)
  3 jellies
  10 gnolls
  5 adders
  A shadow imp (D:6)
  2 white imps (D:5)
  2 adder skeletons
  4 worms
  2 dart slugs
  13 orcs
  4 ball pythons
  8 bats
  11 endoplasms
  3 giant cockroaches
  9 goblins
  11 hobgoblins
  7 jackals (D:3)
  8 kobolds
  6 quokkas
  5 frilled lizards
  A jackal skeleton (D:4)
  6 rats
137 creatures vanquished.

Notes
Turn   | Place    | Note
-------+----------+-------------------------------------------
     0 | D:1      | Smaepdii the Deep Dwarf Hunter began the quest for the Orb.
     0 | D:1      | Reached XP level 1. HP: 19/19 MP: 1/1
   163 | D:1      | Reached skill level 1 in Axes
   211 | D:1      | Reached XP level 2. HP: 23/26 MP: 2/2
   407 | D:1      | Reached skill level 2 in Axes
   791 | D:1      | Reached XP level 3. HP: 28/32 MP: 3/3
  1305 | D:2      | Reached skill level 3 in Axes
  1396 | D:2      | Reached XP level 4. HP: 40/40 MP: 4/4
  1834 | D:2      | Found a runed translucent door.
  1835 | D:2      | Noticed Crazy Yiuf
  2163 | D:3      | Found a faded altar of an unknown god.
  2292 | D:3      | Reached skill level 4 in Axes
  2643 | D:3      | Reached XP level 5. HP: 33/49 MP: 5/5
  3193 | D:4      | Found a staircase to the Ecumenical Temple.
  3202 | Temple   | Entered the Ecumenical Temple
  3208 | Temple   | Became a worshipper of Makhleb the Destroyer
  3335 | D:4      | Noticed an ogre
  3361 | D:4      | Killed an ogre
  3362 | D:4      | Reached skill level 1 in Shields
  3577 | D:4      | Reached skill level 5 in Axes
  3577 | D:4      | Reached XP level 6. HP: 28/56 MP: 6/6
  3582 | D:4      | Noticed Grinder
  3617 | D:4      | Paralysed by Grinder for 4 turns
  3629 | D:4      | Paralysed by Grinder for 3 turns
  3633 | D:4      | Killed Grinder
  3634 | D:4      | Reached skill level 6 in Axes
  3705 | D:4      | Noticed Blork the orc
  3715 | D:4      | Killed Blork the orc
  3716 | D:4      | Reached XP level 7. HP: 30/62 MP: 6/6
  4225 | D:5      | Entered Level 5 of the Dungeon
  4305 | D:5      | Reached skill level 7 in Axes
  4381 | D:5      | Noticed Prince Ribbit
  4667 | D:5      | Reached skill level 8 in Axes
  4676 | D:5      | Reached * piety under Makhleb
  4703 | D:5      | Found a snail-covered altar of Cheibriados.
  4727 | D:5      | Found a broken altar of Ashenzari.
  4743 | D:5      | Reached XP level 8. HP: 21/69 MP: 6/6
  4938 | D:5      | Killed Prince Ribbit
  4939 | D:5      | Reached skill level 9 in Axes
  5259 | D:6      | Reached skill level 10 in Axes
  5302 | D:6      | Mangled by a shadow

Illustrated notes

Levels and vault maps discovered:
D:1:      minmay_arrival_floating_metal, layout_loops_ring,
          minmay_tree_intersection, kennysheep_pointless_box, st_stairs_13,
          ebering_dispersal_statue_hall, minmay_pentomino_t2
D:2:      layout_loops_ring, minmay_randomly_rotated_circles,
          uniq_crazy_yiuf_cottage
D:3:      layout_loops_cross, shapermc_ecumenical_altar_starsandcircs,
          minivault_5, nrook_loot_triangle, hex_large,
          chequers_serial_rivers_large_b
D:4:      layout_loops_ring, minmay_temple_entry_poolview, serial_rivers,
          chequers_serial_rivers_small_b, chequers_serial_rivers_room_b,
          chequers_serial_rivers_small_a, chequers_serial_rivers_small_3,
          hangedman_abyss_or_decor_stabs, uniq_blork_the_orc, uniq_grinder
D:5:      layout_loops_ring, mainiacjoe_overflow_large_starburst,
          uniq_prince_ribbit1
D:6:      layout_basic, chequers_avenue, kennysheep_generic_room_6
Temple:   compressed_dpeg_circular_temple

Skill      XL: |  1  2  3  4  5  6  7  8 |
---------------+-------------------------+-----
Axes           | 1 2 3 4 5 6 8 10 | 10.0
Fighting       | 2 3 |  3.3
Shields        | 1 3 4 |  4.0
Crossbows      | |  4.3
Dodging        | |  2.1
Stealth        | |  1.2

Action                   |  1- 3 |  4- 6 |  7- 9 || total
-------------------------+-------+-------+-------++-------
Melee: War axe           |    47 |    40 |       ||    87
       Broad axe         |       |   124 |   127 ||   251
 Fire: Hand crossbow     |    52 |    20 |    44 ||   116
Throw: Dart              |       |    10 |     1 ||    11
 Abil: Heal Wounds       |     1 |     3 |    10 ||    14
  Use: Scroll            |       |     3 |     4 ||     7
       Potion            |       |       |     1 ||     1
 Stab: Sleeping          |     1 |     1 |       ||     2
Armor: Leather armour    |    19 |    32 |       ||    51
       Ring mail         |       |    36 |       ||    36
       Storm dragon scal |       |     8 |    80 ||    88
Dodge: Dodged            |    41 |   120 |    26 ||   187
Block: Buckler           |       |       |    28 ||    28

Table legend: (Time is in decaauts)
 A = Elapsed time spent in this place.
 B = Non-inter-level travel time spent in this place.
 C = Inter-level travel time spent in this place.
 D = Time resting spent in this place.
 E = Time spent auto-exploring this place.
 F = Levels seen in this place.
 G = Mean time per level.
                   A        B        C        D        E       F      G
               +--------+--------+--------+--------+--------+-----+--------+
         Total |   5474 |   5255 |    219 |    130 |   3488 |   7 |  782.0 |
       Dungeon |   5391 |   5181 |    210 |    130 |   3433 |   6 |  898.5 |
        Temple |     82 |     73 |      9 |      0 |     55 |   1 |   82.0 |
               +--------+--------+--------+--------+--------+-----+--------+

Top non-repeatable levels by time:
     D:1: 1234 daAuts
     D:3: 1064 daAuts
     D:4: 1024 daAuts
     D:2: 973 daAuts
     D:5: 933 daAuts
     D:6: 161 daAuts
  Temple: 82 daAuts
